 Dungeon Crawl Stone Soup version 0.26.1-11-gd32895ea62 (webtiles) character file.

Game seed: 13512156348850354624

72 Kukuleta the Insei (level 4, -1/29 HPs)
             Began as an Octopode Transmuter on June 29, 2021.
             Slain by an adder (5 damage)
             ... on level 2 of the Dungeon.
             The game lasted 00:06:04 (1477 turns).

Kukuleta the Insei (Octopode Transmuter)            Turns: 1477, Time: 00:06:05

Health: -1/29      AC:  1    Str: 10    XL:     4   Next: 26%
Magic:  7/7        EV: 14    Int: 15    God:
Gold:   98         SH:  0    Dex: 12    Spells: 5/8 levels left

rFire    . . .     SeeInvis .     - Unarmed
rCold    . . .     Faith    .   (no shield)
rNeg     . . .     Spirit   .   (helmet restricted)
rPois    .         Reflect  .   (no amulet)
rElec    .         Harm     .   (no ring)
rCorr    .         Rampage  .   (no ring)
Will     .....                  (no ring)
Stlth    ++........             (no ring)
HPRegen  0.09/turn              (no ring)
MPRegen  0.10/turn              (no ring)
                                (no ring)
                                (no ring)

@: no status effects
A: almost no armour, stealthy swim, amphibious, 8 rings, constrict 8, camouflage
1, gelatinous body 1
a: no special abilities


You were on level 2 of the Dungeon.
You visited 1 branch of the dungeon, and saw 2 of its levels.

You collected 98 gold pieces.

Inventory:

Jewellery
 b - an uncursed amulet of the acrobat
Scrolls
 c - 4 scrolls of teleportation {unknown}
 d - a scroll of magic mapping {unknown}
 e - a scroll of identify {unknown}
 h - a scroll of enchant weapon {unknown}
 j - a scroll of fear {unknown}
 k - a scroll of fog {unknown}
Potions
 a - a potion of heal wounds {unknown}
 f - a potion of degeneration {unknown}
 g - 2 potions of curing {unknown}
 i - 2 potions of mutation {unknown}


   Skills:
 + Level 1.8 Fighting
 + Level 2.6 Dodging
 + Level 3.4 Unarmed Combat
 + Level 2.5 Spellcasting
 + Level 2.6 Transmutations


You had 5 spell levels left.
You knew the following spells:

 Your Spells              Type           Power        Failure   Level
a - Beastly Appendage     Tmut           18%          8%          1
b - Wereblood             Tmut           9%           11%         2

Your spell library contained the following spells:

 Spells                   Type           Power        Failure   Level
 Spider Form              Tmut/Pois      2%           36%         3
 Ice Form                 Ice/Tmut       5%           77%         4
 Blade Hands              Tmut           4%           90%         5


Dungeon Overview and Level Annotations

Branches:
Dungeon (2/15)

Altars:


Innate Abilities, Weirdness & Mutations

You cannot wear most types of armour.
You are very stealthy in the water. (Stealth+)
You are amphibious.
You can wear up to eight rings at the same time.
You can use your tentacles to constrict eight enemies at once.
Your skin changes colour to match your surroundings (Stealth+).
Your rubbery body absorbs attacks. (AC +1, EV +1)


Message History

Your squeeze misses the hobgoblin.
The hobgoblin is moderately wounded.
Your primal bloodlust is almost over.
You constrict the hobgoblin. The hobgoblin barely misses you.
You tentacle-slap the hobgoblin.
You kill the hobgoblin!
You howl as the wereblood boils in your veins!
You start resting.
Your primal bloodlust has ended.
You hear a shout!
An adder comes into view.
Items here: (( ) [ ÷ †.
You tentacle-slap the goblin. Your grab misses the goblin.
The goblin is heavily wounded.
You tentacle-slap the goblin.
You kill the goblin!
You see here a sling bullet.
You barely miss the adder. Your grab misses the adder. The adder misses you.
You closely miss the adder. Your grab misses the adder. The adder bites you.
You die...

#.# ##.## #.... #.#
#..# #.... #.# ##.#
####.
#.#######(######...
#....(((..))).†....
##.##.....##)......
#.#####......##...
#S####....#####..#
#@##...#....###...
#.[..####.........
##.########......##
#............#.###.
####.########..#.#...
#........###...#...#
#........##..).....##
#...÷...............#
##########.#.........


You could see an adder.

Vanquished Creatures
  Robin (D:2)
  An adder (D:2)
  An ooze (D:2)
  A dart slug (D:1)
  2 leopard geckos
  3 bats
  2 giant cockroaches (D:2)
  11 goblins
  5 hobgoblins
  2 jackals (D:2)
  4 kobolds
  A ball python (D:1)
  4 frilled lizards
  4 rats
42 creatures vanquished.

Notes
Turn   | Place    | Note
-------+----------+-------------------------------------------
     0 | D:1      | Kukuleta the Octopode Transmuter began the quest for the
                  | Orb.
     0 | D:1      | Reached XP level 1. HP: 13/13 MP: 3/3
   335 | D:1      | Reached XP level 2. HP: 17/18 MP: 3/5
   906 | D:2      | Reached XP level 3. HP: 20/23 MP: 4/6
  1246 | D:2      | Learned a level 2 spell: Wereblood
  1417 | D:2      | Noticed Robin
  1436 | D:2      | Killed Robin
  1437 | D:2      | Reached XP level 4. HP: 29/29 MP: 5/7
  1477 | D:2      | Slain by an adder

Illustrated notes

Levels and vault maps discovered:
D:1:      minmay_arrival_cross, layout_basic
D:2:      layout_rooms, regret_index_temple_of_mockery,
          nicolae_overflow_hidden_temple, uniq_robin

Action                   |  1- 3 |  4- 6 || total
-------------------------+-------+-------++-------
Melee: Unarmed           |    71 |    14 ||    85
       Constrict         |    20 |     4 ||    24
       Kick              |    18 |       ||    18
       Tentacles         |     6 |     3 ||     9
       Punch             |     1 |       ||     1
 Cast: Beastly Appendage |    12 |       ||    12
       Wereblood         |       |     1 ||     1
 Stab: Sleeping          |     2 |       ||     2
Armor: Skin              |     3 |       ||     3
Dodge: Dodged            |    30 |    15 ||    45
